 Dungeon Crawl Stone Soup version 0.17-a0-1533-g2f57bce (webtiles) character file.

37081 George the Carver (level 13, -2/103 HPs)
             Began as a Demonspawn Gladiator on July 16, 2015.
             Was a High Priest of Okawaru.
             Slain by Snorg (9 damage)
             ... on level 4 of the Lair of Beasts.
             The game lasted 00:56:55 (16865 turns).

George the Carver (Demonspawn Gladiator)           Turns: 16865, Time: 00:56:56

Health: -2/103     AC: 17    Str: 23    XL:     13   Next: 56%
Magic:  20/20      EV: 10    Int: 11    God:    Okawaru [*****.]
Gold:   2221       SH:  4    Dex: 14    Spells: 0 memorised, 12 levels left

rFire  + . .     SeeInvis .     V - +1 demon blade (venom)
rCold  + . .     Clarity  .     w - +1 plate armour {rF+}
rNeg   . . .     SustAt   .     B - +1 buckler {rPois}
rPois  +         Gourm    .     (helmet restricted)
rElec  .         Spirit   .     E - +1 cloak
rCorr  .         Warding  .     (no gloves)
rMut   .         Stasis   .     (boots unavailable)
MR     .....                    (no amulet)
Stlth  ..........               Z - +4 ring of strength
                                R - ring of protection from cold

@: not resistant to hostile enchantments, extremely unstealthy
A: claws 1, hooves 3, horns 2, powered by death 3, rot immunity
a: Heroism, Finesse, Renounce Religion


You were on level 4 of the Lair of Beasts.
You worshipped Okawaru.
Okawaru was extremely pleased with you.
You were not hungry.

You visited 4 branches of the dungeon, and saw 21 of its levels.
You also visited: Ossuary.

You collected 2221 gold pieces.

Inventory:

Hand weapons
 P - a +1 vampiric great sword
 Q - a +0 short sword of freezing
 S - the +11 arbalest of Qijaawk {speed, rPois Str+4}
   (Okawaru gifted it to you on level 2 of the Lair of Beasts)

   Attacks with this weapon are significantly faster.
   It affects your strength (+4).
   It protects you from poison.
 V - a +1 demon blade of venom (weapon)
Missiles
 c - 46 bolts
 d - 2 throwing nets
 t - 4 silver tomahawks
 x - 5 tomahawks of returning
 D - 56 tomahawks (quivered)
 F - 3 javelins of penetration
Armour
 v - a +0 plate armour of poison resistance
 w - a +1 plate armour of fire resistance (worn)
 B - a +1 buckler of poison resistance (worn)
 E - a +1 cloak (worn)
Jewellery
 a - an uncursed ring of flight
 R - a ring of protection from cold (left claw)
 Z - a +4 ring of strength (right claw)
Magical devices
 y - a wand of teleportation (6)
 A - a wand of lightning (7)
 C - a wand of lightning (8)
 N - a wand of polymorph (12)
 O - a wand of paralysis (7)
Scrolls
 g - a scroll of fog
 h - a scroll of silence
 j - 4 scrolls of enchant weapon
 m - 6 scrolls of teleportation
 q - 9 scrolls of remove curse
 u - 3 scrolls of enchant armour
 H - a scroll of magic mapping
 I - 2 scrolls of recharging
 J - 2 scrolls of fear
 L - 4 scrolls of blinking
Potions
 f - a potion of might
 n - 2 potions of haste
 o - 2 potions of resistance
 r - 2 potions of cure mutation
 s - 7 potions of heal wounds
 z - a potion of agility
 G - a potion of mutation {unknown}
 K - 2 potions of poison {unknown}
 M - 3 potions of berserk rage
 T - 2 potions of ambrosia {unknown}
 U - 6 potions of curing {unknown}
 X - a potion of brilliance {unknown}
 Y - 3 potions of flight {unknown}
Books
 k - a book of Battle

   Spells                             Type                      Level
   a - Infusion                       Charms                       1
   b - Shroud of Golubria             Charms/Translocation         2
   c - Song of Slaying                Charms                       2
   d - Spectral Weapon                Hexes/Charms                 3
   e - Regeneration                   Charms/Necromancy            3
Comestibles
 b - 3 chunks of flesh
 e - 14 bread rations
 i - 8 beef jerkies
 l - 5 meat rations
 W - 8 slices of pizza


   Skills:
 + Level 9.8 Fighting
 + Level 13.4 Long Blades
 - Level 1.7 Throwing
 + Level 9.0 Armour
 + Level 9.4 Dodging
 - Level 10.5 Invocations


You had 12 spell levels left.
You didn't know any spells.

Dungeon Overview and Level Annotations

Branches:
Dungeon (12/15)            Temple (1/1) D:6            Lair (4/8) D:8
  Snake (0/4) Lair:4          Orc (4/4) D:12            Elf (0/3) Orc:3
  Swamp: Lair:3-6    Shoals: Lair:3-6

Altars:
Ashenzari
Cheibriados
Dithmenos
Elyvilon
Fedhas
Gozag
Kikubaaqudgha
Makhleb
Nemelex Xobeh
Okawaru
Qazlal
Ru
Sif Muna
Trog
Vehumet
Xom
Yredelemnul
Zin
The Shining One
Beogh

Shops:
D:11 %   D:12 *   Orc:4 [([!

Annotations:
Lair:4 Snorg


Innate Abilities, Weirdness & Mutations

You have sharp fingernails.
You have hooves in place of feet.
You have a pair of horns on your head.
You regenerate a lot of health from kills.
You are immune to rotting.


Message History

You hit Snorg. You kick Snorg.
Snorg is heavily wounded.
You block Snorg's attack. Snorg claws you but does no damage. Snorg claws you.
You slash Snorg! Your kick misses Snorg. You headbutt Snorg!
Snorg is severely wounded.
Snorg closely misses you. Snorg claws you but does no damage.
Snorg claws you but does no damage.
You slice Snorg!! You headbutt Snorg.
Snorg is severely wounded.
Snorg barely misses you. You block Snorg's attack. Snorg claws you!
You slash Snorg! Your headbutt misses Snorg.
Snorg is almost dead.
Snorg bites you!!
* * * LOW HITPOINT WARNING * * *
Snorg claws you.
* * * LOW HITPOINT WARNING * * *
Snorg claws you!
* * * LOW HITPOINT WARNING * * *
Snorg bites you but does no damage. Snorg barely misses you. Snorg claws you!
You die...

.........####
.........##.# .
............## #..
.........†...# #....
..............###....#
...................#
#.........[...##....#
#...........T.# #....#
#..........@P.# #....#
#P..........### ....#
#........#P# T..#
#........### ...
#.....#..# ...
#......### #....###
#...## ##P.P#


You could see Snorg (berserk).

Vanquished Creatures
  2 orc warlords (Orc:4)
  A slime creature (D:12)
  3 hydras
  An orc high priest (Orc:4)
  The ghost of WellDressedCM the Skirmisher, an experienced DsAK of Lugonu (D:10)
  An unseen horror (D:10)
  2 orc knights (Orc:4)
  Pikel (D:5)
  A griffon (Lair:2)
  A hill giant (D:9)
  An orc sorcerer (Orc:4)
  A cyclops (D:12)
  An ugly thing (D:11)
  2 centaur skeletons
  4 black mambas
  5 spiny frogs
  2 komodo dragons
  4 trolls
  10 blink frogs
  A fire drake (Lair:4)
  A hornet zombie (D:12)
  A shadow (D:12)
  2 humans
  A wyvern (D:9)
  Sigmund (D:4)
  A deep elf mage (D:9)
  6 hippogriffs
  A hungry ghost (D:11)
  2 basilisks (Lair:1)
  20 yaks
  2 steam dragons (D:10)
  4 nagas (Lair:4)
  6 wolves (Lair:2)
  3 water moccasins
  3 ice beasts
  4 sky beasts
  Duvessa (D:5)
  49 orc warriors
  2 slaves (D:5)
  5 porcupines
  2 phantoms
  3 black bears
  A necrophage (D:10)
  9 ogres
  4 centaurs
  3 crocodiles
  An eye of draining (D:12)
  A big kobold (D:10)
  Dowan (D:5)
  13 giant frogs
  5 scorpions
  3 killer bees (D:10)
  An electric eel (Lair:2)
  4 crimson imps
  4 giant frog skeletons
  A wasp zombie (D:8)
  5 centaur zombies
  3 jellies
  A giant frog zombie (D:10)
  9 iguanas
  A hell rat (D:8)
  27 orc priests
  33 orc wizards
  2 gnoll shamans
  8 hounds
  11 worker ants
  18 sheep
  A killer bee zombie (D:10)
  An ogre zombie (Ossuary)
  7 mummies (Ossuary)
  A hound skeleton (D:6)
  A worker ant zombie (D:11)
  13 adders
  3 gnolls (D:4)
  5 shadow imps
  2 oozes (D:2)
  5 worms
  An adder skeleton (D:4)
  8 adder zombies
  8 giant geckos
  195 orcs
  13 bats
  A bat zombie (D:6)
  7 giant cockroaches
  15 goblins
  21 hobgoblins
  9 jackals
  15 kobolds
  5 quokkas
  2 ball pythons
  6 giant newts
  2 goblin zombies (Ossuary)
  2 hobgoblin zombies (Ossuary)
  7 kobold zombies (Ossuary)
  2 orc zombies (Ossuary)
  A quokka skeleton (D:7)
  7 quokka zombies
  21 rats
  A rat zombie (Ossuary)
722 creatures vanquished.

Vanquished Creatures (others)
  A shadow imp (D:5)
  A hobgoblin (D:9)
  A fungus (Lair:1)
3 creatures vanquished.

Grand Total: 725 creatures vanquished

Notes
Turn   | Place    | Note
--------------------------------------------------------------
     0 | D:1      | George the Demonspawn Gladiator began the quest for the Orb.
     0 | D:1      | Reached XP level 1. HP: 16/16 MP: 1/1
   109 | D:1      | Reached skill level 3 in Long Blades
   323 | D:1      | Gained mutation: You have sharp fingernails. [demonic ancestry]
   323 | D:1      | Reached XP level 2. HP: 22/22 MP: 2/2
   834 | D:2      | Found a snail-covered altar of Cheibriados.
  1079 | D:2      | Gained mutation: You have a pair of small horns on your head. [demonic ancestry]
  1079 | D:2      | Reached XP level 3. HP: 27/27 MP: 3/3
  1087 | D:2      | Reached skill level 4 in Long Blades
  1501 | D:2      | Found a sacrificial altar of Ru.
  1817 | D:3      | Gained mutation: You regenerate a little health from kills. [demonic ancestry]
  1817 | D:3      | Reached XP level 4. HP: 33/33 MP: 4/4
  1939 | D:3      | Reached skill level 5 in Long Blades
  2116 | D:3      | Reached XP level 5. HP: 36/38 MP: 5/5
  2226 | D:3      | Reached skill level 6 in Long Blades
  2451 | D:3      | Found a deep blue altar of Sif Muna.
  2827 | D:4      | Gained mutation: You have large cloven feet. [demonic ancestry]
  2827 | D:4      | Reached XP level 6. HP: 41/44 MP: 6/6
  2904 | D:4      | Noticed a phantom
  2959 | D:4      | Killed a phantom
  3234 | D:4      | Reached skill level 7 in Long Blades
  3401 | D:4      | Gained mutation: You regenerate health from kills. [demonic ancestry]
  3401 | D:4      | Reached XP level 7. HP: 43/50 MP: 7/7
  3443 | D:4      | Found a stormy altar of Qazlal.
  3443 | D:4      | Found a radiant altar of Vehumet.
  3635 | D:4      | Noticed Sigmund
  3654 | D:4      | Killed Sigmund
  3654 | D:4      | Reached skill level 8 in Long Blades
  3842 | D:5      | Entered Level 5 of the Dungeon
  4112 | D:5      | Noticed Duvessa
  4281 | D:5      | Noticed Dowan
  4288 | D:5      | Killed Duvessa
  4310 | D:5      | Killed Dowan
  4310 | D:5      | Reached skill level 9 in Long Blades
  4310 | D:5      | Reached XP level 8. HP: 21/56 MP: 8/8
  4345 | D:5      | Noticed Pikel
  4449 | D:5      | HP: 4/84 [Pikel/whip of flaming (1)]
  4452 | D:5      | Killed Pikel
  4452 | D:5      | Reached skill level 10 in Long Blades
  5100 | D:6      | Found a staircase to the Ecumenical Temple.
  5121 | Temple   | Entered the Ecumenical Temple
  5300 | D:6      | Found an iron altar of Okawaru.
  5305 | D:6      | Became a worshipper of Warmaster Okawaru
  5617 | D:6      | Gained mutation: You have hoof-like feet. [demonic ancestry]
  5617 | D:6      | Reached XP level 9. HP: 31/61 MP: 9/9
  5720 | D:6      | Reached skill level 1 in Invocations
  6086 | D:7      | Reached skill level 11 in Long Blades
  6086 | D:7      | Reached skill level 1 in Armour
  6196 | D:7      | Acquired Okawaru's first power
  6384 | D:7      | Found a blossoming altar of Fedhas.
  6473 | D:7      | Found a burning altar of Makhleb.
  6759 | D:8      | Found a sand-covered staircase.
  6763 | Ossuary  | Entered an ossuary
  7129 | D:8      | Identified a scroll of acquirement
  7166 | D:8      | Found a staircase to the Lair.
  7254 | D:8      | Gained mutation: You regenerate a lot of health from kills. [demonic ancestry]
  7254 | D:8      | Reached XP level 10. HP: 62/72 MP: 13/13
  7431 | D:8      | Found a snail-covered altar of Cheibriados.
  7755 | D:9      | Reached skill level 5 in Invocations
  7809 | D:9      | Reached skill level 5 in Fighting
  7809 | D:9      | Reached skill level 5 in Dodging
  8268 | D:9      | Noticed a hill giant
  8279 | D:9      | Killed a hill giant
  8382 | D:10     | Entered Level 10 of the Dungeon
  8556 | D:10     | Killed an unseen horror
  8556 | D:10     | Reached skill level 5 in Armour
  8689 | D:10     | Gained mutation: You have hooves in place of feet. [demonic ancestry]
  8689 | D:10     | Reached XP level 11. HP: 51/81 MP: 14/16
  8814 | D:10     | Noticed WellDressedCM's ghost (experienced DsAK)
  8864 | D:10     | Killed WellDressedCM's ghost
  8925 | D:10     | Received a gift from Okawaru
  8961 | D:10     | Acquired Okawaru's second power
  9202 | D:10     | Reached skill level 12 in Long Blades
  9294 | D:11     | Found Otar's Food Emporium.
  9418 | D:11     | Received a gift from Okawaru
  9498 | D:11     | Noticed a five-headed hydra
  9509 | D:11     | Killed a five-headed hydra
  9867 | D:12     | Found Rumnieti's General Store.
 10184 | D:12     | Found a staircase to the Orcish Mines.
 10524 | D:12     | Gained mutation: You have a pair of horns on your head. [demonic ancestry]
 10524 | D:12     | Reached XP level 12. HP: 87/91 MP: 18/18
 10579 | Orc:1    | Entered Level 1 of the Orcish Mines
 11590 | Orc:4    | Entered Level 4 of the Orcish Mines
 12052 | Orc:2    | You fall through a shaft!
 12163 | Orc:3    | Found a staircase to the Elven Halls.
 12458 | Orc:4    | Found a roughly hewn altar of Beogh.
 12491 | Orc:4    | Received a gift from Okawaru
 12509 | Orc:4    | Found Icuej's Distillery.
 12679 | Orc:4    | Noticed an orc warlord
 12700 | Orc:4    | Killed an orc warlord
 12762 | Orc:4    | Found a roughly hewn altar of Beogh.
 12786 | Orc:4    | Found Peja's Armour Boutique.
 12960 | Orc:4    | Found a roughly hewn altar of Beogh.
 13030 | Orc:4    | Found a roughly hewn altar of Beogh.
 13120 | Orc:4    | Found a roughly hewn altar of Beogh.
 13222 | Orc:4    | Reached skill level 10 in Invocations
 13557 | Orc:4    | Noticed an orc warlord
 13598 | Orc:4    | Killed an orc warlord
 13647 | Orc:4    | Found Qila's Antique Weapon Shop.
 13648 | Orc:4    | Found a roughly hewn altar of Beogh.
 13655 | Orc:4    | Found Jushaz's Antique Armour Boutique.
 13995 | Lair:1   | Entered Level 1 of the Lair of Beasts
 14030 | Lair:1   | Reached skill level 13 in Long Blades
 14048 | Lair:1   | Gained mutation: You are immune to rotting. [demonic ancestry]
 14048 | Lair:1   | Reached XP level 13. HP: 99/101 MP: 20/20
 14168 | Lair:1   | Noticed a seven-headed hydra
 14184 | Lair:1   | Killed a seven-headed hydra
 14477 | Lair:1   | Noticed a five-headed hydra
 14489 | Lair:1   | Killed a five-headed hydra
 14799 | Lair:2   | Received a gift from Okawaru
 14808 | Lair:2   | Got a smoking arbalest {god gift}
 14814 | Lair:2   | Identified the +11 arbalest of Qijaawk {speed, rPois Str+4} (Okawaru gifted it to you on level 2 of the Lair of Beasts)
 16651 | Lair:4   | Found a staircase to the Snake Pit.
 16845 | Lair:4   | Noticed Snorg
 16865 | Lair:4   | Slain by Snorg

Vault maps used:
D:1:      evilmike_arrival_rings, kennysheep_small_spiral
D:2:      lemuel_crystal_altar, nicolae_ru_sacrificial_ziggurat
D:3:      led_sif_pool
D:4:      amethyst_overflow_temple_binary, first_bread, uniq_sigmund
D:5:      uniq_pikel, uniq_duvessa
D:6:      lemuel_doored_altar, temple_hall
D:7:      fedhas_altar_2, makhleb_heckhound_becter
D:8:      dpeg_lair_monsters, nicolae_ossuary_entry_plus, basic_altar,
          grunt_livestock
D:9:      st_stairs_3
D:10:     kennysheep_steamy
D:11:     serial_shops, nicolae_shop_scaring_up_business
D:12:     erik_orc_4, serial_shops, shop_fountains, minmay_misc_feat_hallway
Temple:   circular_temple_12
Lair:2:   infiniplex_staircase_pool
Lair:3:   minivault_25, ldierk_geyser
Lair:4:   minmay_snake_entry_guardpost_small, beast_lair_carwin_11, uniq_snorg
Orc:3:    nicolae_orc_pool_cavern
Orc:4:    grunt_orc_community_town_hall, grunt_orc_community_big_house_1,
          grunt_orc_community_big_house_2, grunt_orc_community_house_3,
          grunt_orc_community_house_3, grunt_orc_community_house_2,
          grunt_orc_community_house_3, grunt_orc_community_house_3
Ossuary:  ossuary_boxes_badplayer

Action                   |  1- 3 |  4- 6 |  7- 9 | 10-12 | 13-15 || total
-------------------------+-------+-------+-------+-------+-------++-------
Melee: Long sword        |   158 |   266 |   527 |       |       ||   951
       Demon blade       |       |       |    50 |  1293 |   293 ||  1636
       Short sword       |       |       |       |     6 |    23 ||    29
Throw: Throwing net      |       |       |     1 |       |       ||     1
       Tomahawk          |       |       |       |    20 |     2 ||    22
Invok: Heroism           |       |       |       |     4 |       ||     4
       Finesse           |       |       |       |     4 |       ||     4
Evoke: Wand              |       |       |       |     1 |       ||     1
  Use: Scroll            |       |     3 |    20 |     3 |     2 ||    28
       Potion            |       |       |     2 |       |       ||     2
 Stab: Distracted        |       |       |     1 |       |       ||     1
       Paralysed         |       |       |       |    15 |       ||    15
  Eat: Chunk             |     3 |     5 |    15 |    24 |     9 ||    56
